 Dungeon Crawl Stone Soup version 0.24.0-1-gfbc8707 (webtiles) character file.

Game seed: 6678062068463381662, levelgen mode: deterministic

13202 Poncheis the Arsonist (level 11, 0/62 HPs)
             Began as a Deep Elf Fire Elementalist on Oct 28, 2019.
             Was a Believer of Vehumet.
             Slain by an elephant (12 damage)
             ... on level 6 of the Lair of Beasts.
             The game lasted 00:34:04 (12097 turns).

Poncheis the Arsonist (Deep Elf Fire Elementalist) Turns: 12097, Time: 00:34:05

Health: 0/62       AC:  6    Str:  3    XL:     11   Next: 72%
Magic:  27/27      EV: 18    Int: 26    God:    Vehumet [**....]
Gold:   484        SH:  0    Dex: 19    Spells: 15/30 levels left

rFire    + . .     SeeInvis .   G - +2 dagger (venom)
rCold    . . .     Gourm    .   (no shield)
rNeg     . . .     Faith    .   d - +1 robe
rPois    +         Spirit   .   w - +0 helmet
rElec    .         Reflect  .   F - +0 cloak
rCorr    .         Harm     .   t - +0 pair of gloves of Beyond {rC+ Str-2 Int+2 Dex+4}
MR       +....                  (no boots)
Stlth    +.........             v - amulet of magic regeneration
HPRegen  0.20/turn              y - ring of fire
MPRegen  0.45/turn              u - ring of poison resistance

@: hasted, quick
A: no striking features
a: Renounce Religion


You were on level 6 of the Lair of Beasts.
You worshipped Vehumet.
Vehumet was pleased with you.
You were not hungry.

You visited 3 branches of the dungeon, and saw 15 of its levels.

You collected 724 gold pieces.
You spent 240 gold pieces at shops.

Inventory:

Hand Weapons
 a - a +2 long sword of slicing
 G - a +2 dagger of venom (weapon)
Armour
 d - a +1 robe (worn)
 t - the +0 pair of gloves of Beyond (worn) {rC+ Str-2 Int+2 Dex+4}
   (You found it on level 6 of the Dungeon)

   It affects your strength (-2).
   It affects your intelligence (+2).
   It affects your dexterity (+4).
   It protects you from cold.
 w - a +0 helmet (worn)
 F - a +0 cloak (worn)
Jewellery
 e - an uncursed ring of ice
 l - an uncursed amulet of regeneration {unknown}
 r - an uncursed ring of resist corrosion
 u - a ring of poison resistance (right hand)
 v - an amulet of magic regeneration (around neck)
 y - a ring of fire (left hand)
 H - a +4 amulet of reflection {unknown}
 M - an uncursed ring of wizardry {unknown}
Wands
 i - a wand of flame (71)
 q - a wand of disintegration (12)
 x - a wand of iceblast (5)
 A - a wand of polymorph (10)
 B - a wand of digging (6)
 D - a wand of scattershot (6)
 K - a wand of paralysis (10)
 N - a wand of clouds (2)
Scrolls
 b - 2 scrolls of enchant armour
 f - 2 scrolls of random uselessness {unknown}
 g - a scroll of blinking {unknown}
 h - 5 scrolls of remove curse
 j - 2 scrolls of enchant weapon
 k - 3 scrolls of amnesia
 J - a scroll of noise {unknown}
Potions
 m - a potion of curing
 o - a potion of cancellation
 s - a potion of mutation
 C - 2 potions of might
 E - a potion of berserk rage
 I - 2 potions of magic {unknown}
 L - a potion of lignification {unknown}
Comestibles
 c - 16 rations


   Skills:
 + Level 4.8 Fighting
 + Level 7.6 Dodging
 - Level 2.4 Stealth
 + Level 10.4 Spellcasting
 + Level 11.5 Conjurations
 + Level 11.5 Fire Magic
 + Level 3.9 Evocations


You had 15 spell levels left.
You knew the following spells:

 Your Spells              Type           Power        Failure   Level  Hunger
a - Flame Tongue          Conj/Fire      #####        1%          1    None
b - Throw Flame           Conj/Fire      ######       1%          2    None
c - Conjure Flame         Conj/Fire      #######.     1%          3    None
d - Sticky Flame          Conj/Fire      #######.     1%          4    None
e - Fireball              Conj/Fire      #######...   1%          5    ####...

Your spell library contained the following spells:

 Spells                   Type           Power        Failure   Level  Hunger
 Searing Ray              Conj           ######       1%          2    None
 Inner Flame              Hex/Fire       ######..     1%          3    None
 Stone Arrow              Conj/Erth      #####.       1%          3    None
 Sandblast                Erth           ##....       4%          1    None
 Passwall                 Tmut/Erth      ##......     7%          2    None
 Petrify                  Tmut/Erth      ##......     41%         4    None
 Lee's Rapid Deconstruct  Erth           ##........   77%         5    ####...


Dungeon Overview and Level Annotations

Branches:
Dungeon (9/15)             Temple (1/1) D:6            Lair (4/6) D:9
  Swamp: Lair:2-4    Shoals: Lair:2-4     Snake: Lair:2-4    Spider: Lair:2-4
    Orc: D:9-12

Altars:
Cheibriados
Dithmenos
Elyvilon
Fedhas
Gozag
Hepliaklqana
Nemelex Xobeh
Okawaru
Qazlal
Ru
Sif Muna
Trog
Uskayaw
Vehumet
Wu Jian
Xom
Yredelemnul
Zin
The Shining One

Shops:
D:5 !   D:6 (

Annotations:
D:2 1 runed translucent door, Crazy Yiuf, Terence
D:9 exclusion: centaur


Message History

The elephant completely misses you. The elephant trunk-slaps you.
Okay, then.
Evoke which item? (* to show all) (? for menu, Esc to quit)
Aiming: Cloud Cone
Press: ? - help, Dir - move target cursor You create a blast of poison gas!
The harpy claws you! The harpy completely misses you.
A sea snake comes into view.
The sea snake moves out of view.
Unknown command.
Evoke which item? (* to show all) (? for menu, Esc to quit)
Aiming: Cloud Cone
Press: ? - help, Dir - move target cursor You create a blast of noxious fumes!
The harpy claws you!
* * * LOW HITPOINT WARNING * * *
The harpy completely misses you.
Something bites the plant!
The harpy completely misses you. The harpy closely misses you.
The elephant is engulfed in poison gas.
The elephant is poisoned.
The elephant tramples you!
You die...

#............ .≈
.P≈≈P
.............##≈
≈≈≈≈#≈
.............≈≈≈
≈≈≈≈≈≈ ..#...S.....
≈≈≈ #≈P≈≈/%
.#..(....... §§
Y§m≈≈"≈ #
#..........##§#§§Y≈≈
..........P§§Fk≈#
....≈≈HY# ......≈@#
...≈#.≈≈# ...≈≈P≈≈#
....≈≈≈≈# .....#≈≈#
...≈##≈≈# ...≈ ≈≈≈#
... ≈≈≈≈


You could see a merfolk avatar, 2 elephants, a wind drake, a spiny frog and a
harpy.

Vanquished Creatures
  Nergalle (Lair:3)
  A black mamba (Lair:2)
  2 spiny frogs
  2 komodo dragons
  A polar bear (D:9)
  Prince Ribbit (D:8)
  A hornet (Lair:2)
  3 hippogriffs
  2 fire bats (Lair:1)
  A wyvern (D:8)
  19 yaks
  2 fire elementals (Lair:1)
  Grum (D:8)
  Edmund (D:4)
  4 water moccasins
  6 porcupines
  2 orc warriors (D:9)
  2 sky beasts
  2 ice beasts
  A black bear (D:8)
  4 wolves
  4 phantoms
  6 ogres
  4 centaurs
  14 crocodiles
  11 bullfrogs
  A hornet simulacrum (D:9)
  3 scorpions
  2 wights (D:9)
  2 electric eels (D:6)
  A bullfrog zombie (D:6)
  4 hounds
  A centaur zombie (D:7)
  8 jellies
  An orc priest (D:6)
  2 orc wizards
  2 centaur skeletons
  Ijyb (D:4)
  A bullfrog skeleton (D:8)
  7 worker ants
  2 iguanas
  A worker ant zombie (D:6)
  13 adders
  6 white imps (D:9)
  An ufetubus (D:9)
  6 oozes
  An adder skeleton (D:7)
  2 adder zombies
  3 worms
  2 leopard geckos
  19 orcs
  2 ball pythons
  5 bats
  5 giant cockroaches
  21 goblins
  9 hobgoblins
  10 jackals
  6 quokkas
  4 frilled lizards
  4 kobolds (D:1)
  2 leopard gecko skeletons
  A leopard gecko zombie (D:5)
  2 rats (D:1)
  A fungus (Lair:2)
262 creatures vanquished.

Vanquished Creatures (others)
  A frilled lizard (D:5)
  A fungus (Lair:2)
2 creatures vanquished.

Grand Total: 264 creatures vanquished

Notes
Turn   | Place    | Note
-------+----------+-------------------------------------------
     0 | D:1      | Poncheis the Deep Elf Fire Elementalist began the quest for
                  | the Orb.
     0 | D:1      | Reached XP level 1. HP: 10/10 MP: 6/6
   228 | D:1      | Reached XP level 2. HP: 15/15 MP: 6/8
   570 | D:1      | Reached XP level 3. HP: 19/19 MP: 7/9
  1005 | D:2      | Found a white marble altar of Elyvilon.
  1006 | D:2      | Found a sacrificial altar of Ru.
  1078 | D:2      | Noticed Terence
  1124 | D:2      | Learned a level 2 spell: Throw Flame
  1171 | D:2      | Found a runed translucent door.
  1172 | D:2      | Noticed Crazy Yiuf
  1210 | D:2      | You fall into a shaft and drop 1 floor!
  1220 | D:3      | Learned a level 3 spell: Conjure Flame
  1410 | D:3      | Reached XP level 4. HP: 21/24 MP: 4/10
  2436 | D:3      | Learned a level 4 spell: Sticky Flame
  2537 | D:4      | Noticed Edmund
  2538 | D:4      | Reached XP level 5. HP: 28/28 MP: 8/13
  2857 | D:4      | Noticed Ijyb
  2975 | D:4      | Killed Ijyb
  3316 | D:4      | Killed Edmund
  3316 | D:4      | Reached skill level 5 in Conjurations
  3316 | D:4      | Reached skill level 5 in Fire Magic
  3316 | D:4      | Reached XP level 6. HP: 32/32 MP: 4/14
  3704 | D:5      | Entered Level 5 of the Dungeon
  3813 | D:5      | Found a stormy altar of Qazlal.
  4012 | D:5      | Found Poul's Distillery.
  4020 | D:5      | Bought a potion of haste for 150 gold pieces
  4020 | D:5      | Bought a potion of degeneration for 15 gold pieces
  4020 | D:5      | Bought a potion of heal wounds for 75 gold pieces
  4034 | D:5      | Reached XP level 7. HP: 33/36 MP: 9/15
  4776 | D:6      | Reached XP level 8. HP: 33/41 MP: 4/16
  4880 | D:6      | Found Jarimoec's Antique Weapon Shop.
  5081 | D:6      | Found a staircase to the Ecumenical Temple.
  5095 | Temple   | Entered the Ecumenical Temple
  5294 | D:6      | Got a pair of dazzling gloves
  5300 | D:6      | Identified the +0 pair of gloves of Beyond {rC+ Str-2 Int+2
                  | Dex+4} (You found it on level 6 of the Dungeon)
  5318 | D:6      | Found a hazy altar of Hepliaklqana.
  5319 | D:6      | Found a shimmering altar of Xom.
  5320 | D:6      | Noticed a spectral ugly thing
  5992 | D:7      | Learned a level 5 spell: Fireball
  6141 | D:7      | Found a radiant altar of Vehumet.
  6365 | D:7      | Found an ornate altar of the Wu Jian Council.
  6464 | D:7      | Reached skill level 5 in Spellcasting
  6700 | D:8      | Reached XP level 9. HP: 45/45 MP: 6/19
  6998 | D:8      | Noticed Prince Ribbit
  7003 | D:8      | Killed Prince Ribbit
  7183 | D:8      | Reached skill level 1 in Fighting
  7480 | D:8      | Noticed Grum
  7557 | D:8      | Killed Grum
  7557 | D:8      | Reached skill level 10 in Fire Magic
  7563 | D:8      | Reached skill level 10 in Conjurations
  7905 | D:8      | Reached XP level 10. HP: 53/53 MP: 19/23
  8380 | D:8      | Noticed a white ugly thing
  8547 | D:7      | Became a worshipper of Vehumet
  9087 | D:9      | Reached skill level 5 in Dodging
  9413 | D:9      | Found a staircase to the Lair.
  9433 | Lair:1   | Entered Level 1 of the Lair of Beasts
  9777 | Lair:1   | Reached * piety under Vehumet
  9777 | Lair:1   | Offered knowledge of Sandblast by Vehumet.
  9777 | Lair:1   | Reached skill level 1 in Evocations
  9886 | Lair:1   | Reached XP level 11. HP: 60/60 MP: 8/26
 10511 | Lair:2   | Reached ** piety under Vehumet
 10532 | Lair:2   | Offered knowledge of Searing Ray by Vehumet.
 10557 | Lair:2   | Reached skill level 10 in Spellcasting
 11401 | Lair:3   | Noticed Nergalle
 11415 | Lair:3   | Killed Nergalle
 12085 | Lair:4   | You fall into a shaft and drop 2 floors!
 12085 | Lair:6   | Entered Level 6 of the Lair of Beasts
 12092 | Lair:6   | Noticed a lindwurm
 12093 | Lair:6   | Noticed a merfolk avatar
 12093 | Lair:6   | Noticed a harpy
 12096 | Lair:6   | Noticed a sea snake
 12097 | Lair:6   | Slain by an elephant

Levels and vault maps discovered:
D:1:      lightli_arrival_boilingwater, layout_basic, minmay_bisected
D:2:      layout_rooms, makhleb_blood_cavern_becter, old_standard_altar,
          chequers_temple_overflow_statue_of_worship, uniq_terence,
          uniq_crazy_yiuf_cottage
D:3:      layout_basic, first_ration
D:4:      kennysheep_the_goblin_king, layout_loops_ring, uniq_edmund
D:5:      layout_cave_pools, grunt_qazlal_clouds, serial_shops, shop,
          serial_park_tiny_2
D:6:      layout_basic, regret_index_temple_of_mockery,
          minmay_temple_entry_hall, serial_shops, nicolae_shop_behind_doors,
          minivault_14
D:7:      layout_cave_pools, vehumet_altar_wand_db,
          nicolae_overflow_crystal_walls
D:8:      wad_guarded_room, layout_basic, hangedman_little_slice_of_home,
          serial_bayou_crossing, uniq_prince_ribbit1, uniq_grum
D:9:      layout_long_grid, kennysheep_vampire_church,
          grunt_lair_entry_orc_guard_hut, serial_ice, serial_ice_g,
          serial_ice_f, serial_ice_b, serial_ice_d, serial_ice_e
Temple:   nicolae_temple_hex_pool
Lair:1:   layout_chaotic_city, uniq_sonja
Lair:2:   layout_small_grid, beast_lair_carwin_1
Lair:3:   layout_loops_ring, lemuel_fruit_fields, uniq_nergalle
Lair:4:   layout_loops_ring, palyth_hydra_swamp_entry,
          nicolae_spider_entry_non_spiders
Lair:6:   gammafunk_lair_ancient_temple, layout_regular_city,
          minmay_slime_entry_jelly_boxes

Skill      XL: |  1  2  3  4  5  6  7  8  9 10 11 |
---------------+----------------------------------+-----
Conjurations   | 2 3 4 5 7 9 10 11 | 11.5
Fire Magic     | 4 5 6 7 9 10 11 | 11.5
Spellcasting   | 4 5 7 9 10 | 10.4
Fighting       | 2 3 4 |  4.8
Dodging        | 4 6 7 |  7.6
Evocations     | 1 3 |  3.9
Stealth        | |  2.4

Action                   |  1- 3 |  4- 6 |  7- 9 | 10-12 || total
-------------------------+-------+-------+-------+-------++-------
Melee: Dagger            |       |    19 |    51 |    27 ||    97
 Cast: Flame Tongue      |    73 |    52 |    78 |    30 ||   233
       Throw Flame       |     2 |    14 |    99 |   196 ||   311
       Sticky Flame      |       |     9 |    26 |    31 ||    66
       Conjure Flame     |       |     2 |     2 |       ||     4
       Fireball          |       |       |     1 |    18 ||    19
Evoke: Wand              |       |       |       |    11 ||    11
  Use: Potion            |       |     3 |       |     2 ||     5
       Scroll            |       |     4 |     5 |     3 ||    12
 Stab: Sleeping          |       |     3 |     1 |       ||     4
  Eat: Chunk             |     1 |     7 |    12 |    12 ||    32
       Ration            |       |     1 |     1 |     1 ||     3
Armor: Robe              |     7 |     5 |    19 |    17 ||    48
Dodge: Dodged            |    14 |    30 |    79 |    57 ||   180
